 Dungeon Crawl Stone Soup version 0.29.1-2-gbd0b4ee654 (webtiles) character file.

Game seed: 17961532365020406879

15675 DildoBatman the Dealer of Despair (level 12, -15/86 HPs)
             Began as a Formicid Conjurer on Nov 24, 2022.
             Was an Elder of Kikubaaqudgha.
             Killed from afar by Azrael (40 damage)
             ... with damnation
             ... on level 2 of the Orcish Mines.
             The game lasted 00:41:58 (11591 turns).

DildoBatman the Dealer of Despair (FoCj)           Turns: 11591, Time: 00:41:59

Health: -15/86     AC: 14    Str: 18    XL:     12   Next: 60%
Magic:  4/24       EV: 10    Int: 23    God:    Kikubaaqudgha [****..]
Gold:   579        SH:  0    Dex: 12    Spells: 13/28 levels left

rFire   . . .      SeeInvis +   a - +5 spear
rCold   . . .      Faith    .   (no shield)
rNeg    + + +      Spirit   .   o - +4 scale mail of the Cockatrice {rElec rPois rN++ Stlth+}
rPois   +          Reflect  .   (helmet unavailable)
rElec   +          Harm     .   y - +0 cloak
rCorr   .          Rampage  .   (no gloves)
Will    +....                   f - +0 pair of boots
Stlth   ++........              g - amulet of the acrobat
HPRegen 0.24/turn               i - +6 ring of strength
MPRegen 0.19/turn               e - ring of positive energy

@: no status effects
A: permanent stasis, dig shafts and tunnels, antennae 3, four strong arms,
shaggy fur 1, wild magic 1
a: Dig, Shaft Self, Renounce Religion, Unearth Wretches


You were on level 2 of the Orcish Mines.
You worshipped Kikubaaqudgha.
Kikubaaqudgha was greatly pleased with you.
You visited 3 branches of the dungeon, and saw 13 of its levels.

You collected 733 gold pieces.
You spent 154 gold pieces at shops.

Inventory:

Hand Weapons
 a - a +5 spear (weapon)
 b - a +0 shortbow
Missiles
 s - 11 poisoned darts (quivered)
 I - 6 atropa-tipped darts
Armour
 f - a +0 pair of boots (worn)
 o - the +4 scale mail of the Cockatrice (worn) {rElec rPois rN++ Stlth+}
   (You found it on level 2 of the Dungeon)

   rElec:     It insulates you from electricity.
   rPois:     It protects you from poison.
   rN:        It greatly protects you from negative energy.
   Stlth:     It makes you more stealthy.
 y - a +0 cloak (worn)
 G - +0 steam dragon scales
 J - a +0 robe of willpower
 N - a scarf of resistance
 P - +0 acid dragon scales
Jewellery
 c - a ring of ice
 e - a ring of positive energy (right hand)
 g - an amulet of the acrobat (around neck)
 i - a +6 ring of strength (left hand)
Wands
 l - a wand of iceblast (4)
 u - a wand of mindburst (42)
Scrolls
 d - 4 scrolls of enchant weapon
 j - a scroll of fear {unknown}
 m - a scroll of noise {unknown}
 r - a scroll of summoning {unknown}
 w - 3 scrolls of amnesia
 x - a scroll of enchant armour {unknown}
 z - 8 scrolls of identify
 A - 2 scrolls of butterflies
 B - 2 scrolls of immolation
 C - a scroll of poison
 H - a scroll of torment {unknown}
 K - a scroll of brand weapon {unknown}
 L - 2 scrolls of teleportation {unknown}
Potions
 h - a potion of brilliance {unknown}
 k - a potion of mutation
 n - a potion of cancellation {unknown}
 p - 2 potions of heal wounds
 t - a potion of haste {unknown}
 v - 3 potions of resistance
 E - a potion of lignification {unknown}
 M - 9 potions of curing
 O - 3 potions of flight {unknown}
 R - a potion of berserk rage {unknown}


   Skills:
 - Level 5.0 Fighting
 - Level 5.0 Armour
 - Level 3.0 Dodging
 - Level 2.4 Stealth
 * Level 8.6 Spellcasting
 - Level 6.0 Conjurations
 - Level 12.0 Necromancy
 - Level 12.0 Earth Magic


You had 13 spell levels left.
You knew the following spells:

 Your Spells              Type           Power      Damage    Failure   Level
a - Borgnjor's Vile Clut  Necr/Erth      35%        N/A       7%          5
c - Searing Ray           Conj           96%        2d7       4%          2
d - Vampiric Draining     Necr           71%        2d11      1%          3
e - Magic Dart            Conj           100%       1d8       3%          1
h - Dispel Undead         Necr           71%        3d24      2%          4

Your spell library contained the following spells:

 Spells                   Type           Power      Damage    Failure   Level
 Necrotise                Necr           100%       1d9       1%          1
 Animate Dead             Necr           71%        N/A       2%          4
 Agony                    Necr           71%        N/A       7%          5
 Lee's Rapid Deconstruct  Erth           35%        3d19*     7%          5
 Dazzling Flash           Conj/Hex       60%        N/A       24%         3
 Anguish                  Hex/Necr       24%        N/A       24%         4
 Leda's Liquefaction      Hex/Erth       24%        N/A       24%         4
 Death Channel            Necr           35%        N/A       30%         6
 Fulminant Prism          Conj/Hex       15%        3d11      58%         4
 Iskenderun's Mystic Bla  Conj/Tloc      30%        2d8       58%         4
 Inner Flame              Hex/Fire       12%        N/A       61%         3
 Cause Fear               Hex            6%         N/A       93%         4
 Simulacrum               Ice/Necr       24%        N/A       97%         6
 Statue Form              Tmut/Erth      32%        N/A       97%         6
 Discord                  Hex            6%         N/A       100%        8


Dungeon Overview and Level Annotations

Branches:
Dungeon (10/15)            Temple (1/1) D:4            Lair (0/5) D:9
    Orc (1/2) D:10            Elf (0/3) Orc:2

Altars:
Ashenzari
Cheibriados
Dithmenos
Elyvilon
Fedhas
Gozag
Hepliaklqana
Kikubaaqudgha
Makhleb
Nemelex Xobeh
Okawaru
Qazlal
Ru
Sif Muna
Trog
Uskayaw
Vehumet
Wu Jian
Xom
Yredelemnul
Zin
The Shining One

Shops:
D:3 *   D:4 *   D:6 [*

Annotations:
Orc:2 Azrael


Innate Abilities, Weirdness & Mutations

You cannot be hasted, slowed, berserked, paralysed or teleported.
You can dig through walls and to a lower floor.
You have a pair of large antennae on your head. (SInv)
Your four strong arms can wield two-handed weapons with a shield.
You are covered in fur. (AC +1)
Your spells are a little harder to cast, but a little more powerful.


Message History

Azrael barely misses you.
The searing ray hits Azrael but does no damage.
Azrael is moderately wounded.
The zombie hands constrict Azrael!
The zombie hands release their grip on Azrael.
Azrael closely misses you.
Casting: Searing Ray (safe; 4% risk of failure)
Confirm with . or Enter, or press ? or * to list all spells.
Aiming: Borgnjor's Vile Clutch (dangerous; 7% risk of failure)
Press: ? - help, Shift-Dir - straight line, f/p - Azrael
Aim: Azrael, wielding a +2 scimitar of flaming (heavily wounded, 100% to hit)
Zombie hands grab Azrael.
The zombie hands constrict Azrael!
You hear a bark!
Azrael gestures at you.
The fireball explodes!
The fireball engulfs you!
The fireball engulfs Azrael.
Azrael completely resists.
You hear a shout!
Casting: Borgnjor's Vile Clutch (dangerous; 7% risk of failure)
Confirm with . or Enter, or press ? or * to list all spells.
Aiming: Searing Ray (safe; 4% risk of failure)
Press: ? - help, Shift-Dir - straight line, f/p - Azrael
Aim: Azrael, wielding a +2 scimitar of flaming (heavily wounded, constricted by zombie hands, 100% to hit)
Okay, then.
You hit Azrael but do no damage.
Azrael is heavily wounded.
The zombie hands constrict Azrael.
Azrael hits you but does no damage.
Azrael hits you with a +2 scimitar of flaming!
Azrael burns you.
You hit Azrael but do no damage.
Azrael is severely wounded.
The zombie hands constrict Azrael.
Azrael gestures at you.
The sphere of damnation explodes!
The damnation engulfs you!!!
You die...
Kikubaaqudgha rasps: "You have failed me!
Welcome... death!"

*,,,,***,...h...##...○.○..##,,,,,
*,*,,,,,,,*#........E).....o,,,**
****,,,,,**##.^....{###).oo.,***,
*,,,,*,* #.).{...# *.....,,***
**,,**** ##.{{{.## **.{o.,** *
**,,* ##{)### **..#** **** ##{##
*### ##R# #@## ###


You could see Azrael (clutched).

Vanquished Creatures
  An ettin (Orc:1)
  Erolcha (D:9)
  A centaur warrior (D:9)
  2 two-headed ogres
  2 orc high priests (Orc:2)
  An orc knight (Orc:1)
  3 orc sorcerers (Orc:2)
  A deep elf zephyrmancer (D:9)
  An elephant (D:9)
  A gargoyle (D:10)
  A kobold demonologist (D:9)
  3 trolls
  A hornet (D:5)
  Grinder (D:3)
  A wraith (D:10)
  3 wyverns
  A basilisk (D:9)
  Eustachio (D:6)
  A fire elemental (Orc:2)
  2 steam dragons
  3 vampire mosquitoes (D:10)
  A warg (Orc:2)
  2 water moccasins
  14 two-headed ogre zombies (D:9)
  An acid dragon (D:9)
  A hell hound (Orc:2)
  A sky beast (D:8)
  10 orc warriors
  A black bear (D:9)
  3 ogres
  2 centaurs (D:9)
  2 kobold brigands
  A phantom (D:4)
  2 bullfrogs
  2 scorpions
  A necrophage (D:8)
  A gnoll sergeant (D:6)
  3 wights (D:8)
  7 killer bees (D:9)
  4 howler monkeys
  3 hounds
  Crazy Yiuf (D:6)
  A gnoll bouda (D:9)
  11 orc priests
  4 iguanas
  10 orc wizards
  7 gnolls
  5 adders
  2 white imps
  A worm (D:4)
  3 dart slugs
  44 orcs
  8 ball pythons
  6 endoplasms
  3 giant cockroaches
  11 goblins
  5 hobgoblins
  5 jackals
  13 kobolds
  4 quokkas
  8 bats
  4 frilled lizards
  4 rats
  A spectral orc (D:4)
255 creatures vanquished.

Vanquished Creatures (others)
  3 withered plants (D:6)
3 creatures vanquished.

Grand Total: 258 creatures vanquished

Notes
Turn   | Place    | Note
-------+----------+-------------------------------------------
     0 | D:1      | DildoBatman the Formicid Conjurer began the quest for the
                  | Orb.
     0 | D:1      | Reached XP level 1. HP: 13/13 MP: 3/3
   281 | D:1      | Reached XP level 2. HP: 7/20 MP: 1/5
   288 | D:1      | Learned a level 2 spell: Searing Ray
   701 | D:1      | Reached skill level 1 in Fighting
   742 | D:1      | Reached skill level 1 in Armour
   742 | D:1      | Reached XP level 3. HP: 26/26 MP: 4/6
  1087 | D:2      | Reached XP level 4. HP: 32/32 MP: 3/8
  1260 | D:2      | Found a stormy altar of Qazlal.
  1420 | D:2      | Identified the +4 scale mail of the Cockatrice {rElec rPois
                  | rN++ Stlth+}
  2114 | D:3      | Found a shimmering altar of Xom.
  2114 | D:3      | Found a white marble altar of Elyvilon.
  2114 | D:3      | Found a bloodstained altar of Trog.
  2202 | D:3      | Found a faded altar of an unknown god.
  2297 | D:3      | Found a hazy altar of Hepliaklqana.
  2325 | D:3      | Found a radiant altar of Vehumet.
  2338 | D:3      | Noticed Grinder
  2556 | D:3      | Found Voept's General Store.
  2559 | D:3      | Bought a potion of mutation for 88 gold pieces
  2559 | D:3      | Bought a scroll of identify for 22 gold pieces
  2559 | D:3      | Bought a scroll of identify for 22 gold pieces
  2560 | D:3      | Gained mutation: Your spells are a little harder to cast,
                  | but a little more powerful. [potion of mutation]
  2560 | D:3      | Gained mutation: You are covered in fur. (AC +1) [potion of
                  | mutation]
  2686 | D:4      | Noticed a scorpion
  2802 | D:4      | Found a staircase to the Ecumenical Temple.
  2808 | D:4      | Reached XP level 5. HP: 38/38 MP: 5/9
  2815 | Temple   | Entered the Ecumenical Temple
  3162 | D:4      | Noticed a phantom
  3173 | D:4      | Killed a phantom
  3183 | D:4      | Found a basalt altar of Yredelemnul.
  3245 | D:5      | Entered Level 5 of the Dungeon
  3254 | D:5      | Reached XP level 6. HP: 35/46 MP: 3/11
  3519 | D:6      | Noticed Eustachio
  3674 | D:6      | Found an ornate altar of the Wu Jian Council.
  3894 | D:6      | Found an ancient bone altar of Kikubaaqudgha.
  3902 | D:6      | Became a worshipper of Kikubaaqudgha
  3958 | D:6      | Killed Eustachio
  3959 | D:6      | Reached skill level 5 in Conjurations
  3959 | D:6      | Reached XP level 7. HP: 45/52 MP: 2/13
  4041 | D:5      | Noticed a hornet
  4313 | D:3      | Killed Grinder
  4314 | D:3      | Reached skill level 5 in Spellcasting
  4314 | D:3      | Reached XP level 8. HP: 58/58 MP: 2/16
  4352 | D:3      | Bought a scroll of identify for 22 gold pieces
  4520 | D:4      | Found Retreuvu's Retail Resort.
  4555 | D:4      | Reached * piety under Kikubaaqudgha
  4555 | D:4      | Received a gift from Kikubaaqudgha
  5135 | D:6      | Found Zuewihuf's Antique Armour Shoppe.
  5315 | D:6      | Found Ivoveseph's Lightly-Used Armoury.
  5549 | D:6      | Found a runed translucent door.
  5550 | D:6      | Noticed Crazy Yiuf
  5634 | D:7      | Learned a level 3 spell: Vampiric Draining
  5671 | D:7      | Reached skill level 1 in Necromancy
  5861 | D:7      | Reached XP level 9. HP: 63/65 MP: 10/19
  5985 | D:7      | Found a sacrificial altar of Ru.
  6421 | D:8      | Reached ** piety under Kikubaaqudgha
  6422 | D:8      | Reached skill level 5 in Fighting
  6467 | D:8      | Reached skill level 5 in Armour
  6530 | D:8      | Reached skill level 5 in Necromancy
  7118 | D:8      | Found a faded altar of an unknown god.
  7118 | D:8      | Found a glowing silver altar of Zin.
  7127 | D:8      | Found a faded altar of an unknown god.
  7129 | D:8      | Found a snail-covered altar of Cheibriados.
  7131 | D:8      | Found a burning altar of Makhleb.
  7388 | D:5      | Killed a hornet
  7389 | D:5      | Reached XP level 10. HP: 60/74 MP: 5/20
  7538 | D:6      | Killed Crazy Yiuf
  7628 | D:6      | You fall into a shaft and drop 2 floors!
  7874 | D:9      | Noticed a centaur warrior
  8062 | D:9      | Noticed an elephant
  8090 | D:9      | Killed an elephant
  8207 | D:9      | Found a staircase to the Lair.
  8366 | D:9      | Noticed a deep elf zephyrmancer
  8469 | D:9      | Found a stormy altar of Qazlal.
  8713 | D:10     | Entered Level 10 of the Dungeon
  8715 | D:10     | Reached skill level 10 in Necromancy
  8789 | D:10     | Reached *** piety under Kikubaaqudgha
  8789 | D:10     | Received a gift from Kikubaaqudgha
  8796 | D:10     | Learned a level 4 spell: Dispel Undead
  8802 | D:10     | Learned a level 5 spell: Borgnjor's Vile Clutch
  8807 | D:10     | Reached skill level 1 in Earth Magic
  8978 | D:10     | Noticed a gargoyle
  9150 | D:9      | Killed a centaur warrior
  9151 | D:9      | Reached XP level 11. HP: 74/79 MP: 3/21
  9391 | D:9      | Reached skill level 5 in Earth Magic
  9680 | D:9      | Killed a deep elf zephyrmancer
  9796 | D:9      | Noticed Erolcha
  9799 | D:9      | Noticed a two-headed ogre
  9800 | D:9      | Killed Erolcha
  9856 | D:9      | Killed a two-headed ogre
 10372 | D:10     | Found a shadowy altar of Dithmenos.
 10543 | D:10     | Found a staircase to the Orcish Mines.
 10568 | Orc:1    | Entered Level 1 of the Orcish Mines
 10605 | Orc:1    | Reached **** piety under Kikubaaqudgha
 10831 | Orc:1    | Noticed an ettin
 10833 | Orc:1    | Noticed an orc knight
 10838 | Orc:1    | Killed an ettin
 10839 | Orc:1    | Reached XP level 12. HP: 66/82 MP: 7/22
 10841 | Orc:1    | Reached skill level 10 in Earth Magic
 11007 | Orc:1    | You fall into a shaft and drop 1 floor!
 11007 | Orc:2    | Entered Level 2 of the Orcish Mines
 11007 | Orc:2    | Noticed an orc high priest
 11007 | Orc:2    | Noticed a two-headed ogre
 11014 | Orc:2    | Killed an orc high priest
 11018 | Orc:2    | Killed a two-headed ogre
 11024 | Orc:2    | Noticed an orc high priest
 11049 | Orc:2    | Killed an orc high priest
 11402 | Orc:2    | Noticed Azrael
 11591 | Orc:2    | Killed from afar by Azrael

Illustrated notes

Levels and vault maps discovered:
D:1:      minmay_arrival_radiant_lines, layout_basic
D:2:      layout_basic, basic_altar, minmay_crystal_room
D:3:      layout_basic, mainiacjoe_overflow_small_starburst,
          gammafunk_temple_overflow_forgotten, lemuel_doored_altar,
          serial_shops, shop, ebering_ecumenical_altar_mist, uniq_grinder
D:4:      layout_rooms, yredelemnul_forgotten_temple_becter,
          minmay_temple_entry_grid, nicolae_alphabet_shops
D:5:      layout_rooms
D:6:      layout_basic, nzn_wu_jian_contemplation, kiku_gazebo_garden_becter,
          serial_shops, nicolae_shop_waterfront, corexii_hall_statues_l,
          minmay_shop_damaged, minmay_ogre_servants, uniq_eustachio,
          uniq_crazy_yiuf_cottage
D:7:      layout_basic, nicolae_ru_the_path_less_chosen
D:8:      layout_loops_ring, chequers_temple_overflow_minitemple
D:9:      lemuel_ogre_cave, layout_basic, grunt_qazlal_sundering,
          david_lair_generic, minivault_23, guppyfry_early_elven_hall
D:10:     layout_rooms, grunt_dithmenos_smoke, orc_0_dummy
Temple:   nicolae_temple_bog_church
Orc:1:    layout_caves
Orc:2:    st_orc_congregation, layout_diamond_mine,
          nicolae_shop_overcharged_wands, uniq_azrael, uniq_josephine

Skill      XL: |  1  2  3  4  5  6  7  8  9 10 11 12 |
---------------+-------------------------------------+-----
Dodging        | 2 3 |  3.0
Fighting       | 1 2 3 4 5 |  5.0
Armour         | 1 2 3 5 |  5.0
Conjurations   | 4 5 6 |  6.0
Spellcasting   | 3 4 5 7 8 |  8.6
Necromancy     | 2 6 10 12 | 12.0
Earth Magic    | 3 9 12 | 12.0
Stealth        | |  2.4

Action                   |  1- 3 |  4- 6 |  7- 9 | 10-12 || total
-------------------------+-------+-------+-------+-------++-------
Melee: Unarmed           |     8 |       |       |       ||     8
       Mace              |     5 |    46 |       |       ||    51
       Short sword       |       |     2 |       |       ||     2
       Spear             |       |     5 |   129 |   331 ||   465
       Punch             |       |     1 |     2 |     5 ||     8
 Fire: Sling             |       |    20 |     8 |       ||    28
       Shortbow          |       |       |       |    11 ||    11
Throw: Throwing net      |       |       |       |     2 ||     2
 Cast: Magic Dart        |    50 |    50 |    15 |     4 ||   119
       Searing Ray       |     2 |    15 |    42 |    19 ||    78
       Vampiric Draining |       |       |     8 |    36 ||    44
       Dispel Undead     |       |       |       |    15 ||    15
       Borgnjor's Vile C |       |       |       |    27 ||    27
 Abil: Dig               |       |     1 |       |    13 ||    14
       Shaft Self        |       |       |       |     1 ||     1
  Use: Scroll            |       |     6 |       |    10 ||    16
       Potion            |       |     1 |       |     3 ||     4
 Stab: Sleeping          |       |     2 |     1 |       ||     3
       Held in net/web   |       |       |       |     5 ||     5
Armor: Robe              |     4 |    12 |       |       ||    16
       Scale mail        |       |       |    68 |   125 ||   193
Dodge: Dodged            |    25 |    20 |    66 |   184 ||   295
